Map: Jagannatha LE

Players

Xypher

  • Race: Terran Terran
  • League: Diamond
  • Spawn Location: 1:00

Pumba - Winner!

  • Race: Zerg Zerg
  • League: Diamond
  • Spawn Location: 7:00

VOD

Have the link to the VOD?

Description

Time

  • Played on: Aug. 24, 2021, 6:53 p.m.
  • Length: 9:52
Show
View Real Time Build Order
Export as new Build Order

Xypher Terran 

Build Orders: Reaper Expand 

Get SALT Encoding   

  12  0:00  SCV  
  13  0:12  SCV  
  14  0:17  Supply Depot  
  14  0:24  SCV  
  15  0:39  SCV  
  15  0:40  Barracks  
  16  0:47  Refinery  
  16  0:51  SCV  
  17  1:03  SCV  
  18  1:15  SCV  
  19  1:28  Orbital Command  
  19  1:30  Reaper  
  20  1:50  Command Center  
  20  1:54  SCV  
  20  1:59  Supply Depot  
  21  2:02  Barracks Reactor  
  21  2:07  SCV  
  22  2:10  Refinery  
  22  2:19  SCV  
  23  2:29  Factory  
  23  2:31  SCV  
  24  2:39  Marine x2  
  26  2:48  SCV  
  27  2:52  Bunker  
  27  2:56  Marine  
  27  2:57  Marine  
  29  3:03  Orbital Command  
  29  3:06  SCV  
  29  3:20  Orbital Command  
  29  3:22  Barracks  
  29  3:23  Hellion x2  
  29  3:26  Barracks Reactor  
  33  3:27  SCV  
  34  3:39  SCV  
  35  3:44  Hellion x2  
  39  3:51  Starport  
  39  3:53  SCV x2  
  41  4:01  Supply Depot  
  41  4:06  Hellion  
  41  4:07  Hellion  
  45  4:11  SCV  
  46  4:19  Barracks Tech Lab  
  46  4:22  SCV  
  46  4:23  Barracks  
  47  4:42  SCV x2  
  47  4:44  Supply Depot  
  49  4:51  Supply Depot  
  49  4:52  Supply Depot  
  49  4:54  Barracks  
  49  4:55  Barracks  
  49  4:57  Stimpack  
  49  5:01  Factory Reactor  
  49  5:21  Barracks Reactor, Marine x2  
  51  5:23  Command Center  
  51  5:26  SCV x2  
  53  5:30  Medivac  
  53  5:33  Medivac  
  57  5:38  SCV  
  58  5:45  Engineering Bay  
  58  5:46  Engineering Bay  
  58  5:47  SCV  
  59  5:50  SCV  
  60  5:57  Marine  
  60  5:58  Barracks Reactor, Marine x3  
  60  5:59  Barracks Reactor, Marauder  
  60  6:02  SCV x2  
  66  6:14  Widow Mine x2  
  66  6:16  Marine x4  
  74  6:23  Terran Infantry Armor Level 1, Terran Infantry Weapons Level 1  
  74  6:29  Supply Depot  
  74  6:31  Supply Depot  
  74  6:40  Refinery  
  74  6:43  Refinery  
  74  6:50  Armory, Orbital Command  
  74  6:53  Marine x4  
  78  6:54  Marine  
  79  7:09  SCV x2  
  81  7:25  Marine x4  
  81  7:26  Marine x4  
  89  7:35  Widow Mine  
  89  7:36  Medivac x2, Widow Mine  
  95  7:54  SCV x2  
  95  7:56  Supply Depot x2, Marine  
  95  7:57  Marine x7  
  107  7:58  Marauder  
  107  8:00  Combat Shield  
  107  8:02  Supply Depot  
  107  8:03  Supply Depot  
  107  8:05  Supply Depot  
  90  8:21  Orbital Command  
  90  8:26  Marine x7  
  90  8:27  Marine x2  
  95  8:44  Marine x8  
  95  8:45  Marine  
  104  8:49  Factory  
  104  8:52  Widow Mine x2  
  58  9:31  Marine x5  
  44  9:32  Marine x4  
Show
View Real Time Build Order
Export as new Build Order

Pumba Zerg - Winner!

Build Orders: Pool First 

Get SALT Encoding   

  12  0:00  Drone  
  13  0:12  Overlord  
  13  0:20  Drone  
  14  0:31  Drone x2  
  16  0:37  Drone  
  17  0:45  Spawning Pool  
  17  0:48  Drone  
  17  1:08  Hatchery  
  17  1:11  Drone  
  17  1:13  Extractor  
  17  1:16  Drone  
  17  1:19  Drone  
  18  1:28  Drone  
  19  1:34  Queen  
  19  1:38  Zergling x2  
  22  1:50  Overlord  
  22  2:08  Drone  
  22  2:09  Queen  
  25  2:17  Drone  
  25  2:18  Metabolic Boost  
  25  2:20  Drone  
  27  2:33  Drone x3  
  30  2:42  Drone x3  
  33  2:46  Hatchery  
  32  2:51  Queen  
  32  2:57  Overlord  
  34  3:02  Drone  
  34  3:03  Drone  
  34  3:05  Overlord  
  37  3:20  Drone x6  
  37  3:23  Overlord  
  37  3:26  Overlord  
  42  3:39  Queen x2  
  46  3:54  Drone x6  
  52  4:00  Zergling x10  
  52  4:01  Zergling x4  
  59  4:10  Overlord  
  59  4:14  Overlord  
  59  4:28  Overlord x2  
  59  4:30  Drone x3  
  59  4:31  Drone x6  
  68  4:42  Lair, Baneling Nest  
  68  4:43  Extractor  
  65  4:52  Drone x3  
  68  5:02  Drone x3  
  71  5:13  Zergling x16  
  79  5:18  Hatchery  
  79  5:20  Queen  
  79  5:31  Drone x5  
  79  5:33  Hatchery  
  79  5:34  Drone x5, Hatchery  
  87  5:40  Drone  
  87  5:41  Drone, Extractor x2  
  87  5:43  Extractor  
  87  5:44  Extractor  
  87  5:49  Drone x3  
  88  5:56  Baneling x2  
  88  5:57  Baneling x4  
  88  6:08  Drone x3, Spire  
  89  6:17  Overlord x6  
  89  6:23  Hatchery, Overlord x2  
  88  6:39  Drone x4  
  92  6:40  Evolution Chamber  
  92  6:41  Drone x3, Evolution Chamber  
  92  6:44  Zergling x16  
  92  6:45  Zergling x4, Centrifugal Hooks  
  103  6:47  Baneling x9  
  103  7:02  Zergling x22  
  103  7:04  Baneling x8  
  113  7:19  Zerg Ground Armor Level 1, Zerg Melee Weapons Level 1  
  113  7:20  Zergling x8  
  113  7:21  Zergling x12  
  122  7:45  Zergling x24  
  122  7:47  Baneling x4  
  122  7:48  Pneumatized Carapace  
  122  7:49  Overseer  
  122  7:50  Overseer  
  134  7:53  Mutalisk x4  
  134  7:54  Mutalisk x2  
  146  8:02  Zergling x18  
  148  8:20  Mutalisk x2  
  148  8:22  Zergling x22  
  157  8:37  Zergling x12  
  157  8:39  Hatchery  
  162  8:43  Baneling x9  
  162  8:52  Zergling x4  
  162  8:54  Overlord x5  
  164  8:58  Extractor  
  164  8:59  Extractor  
  150  9:15  Baneling  
  150  9:16  Baneling x13  
  150  9:17  Zergling x24  
Tags
 
Add a new tag
Caveats
  • Supply blocks, unpowered buildings, or Contaminate may cause inaccurate times.
  • Supply counts are checked every 10 seconds.